 Dungeon Crawl Stone Soup version 0.30-a0-367-g839099abd5 (webtiles) character file.

Game seed: 998832092987447415

58 BritishOli the Chopper (level 3, -1/28 HPs)
             Began as a Demonspawn Gladiator on Nov 18, 2022.
             Slain by a hobgoblin (6 damage)
             ... led by Robin
             ... on level 2 of the Dungeon.
             The game lasted 00:00:56 (850 turns).

BritishOli the Chopper (Demonspawn Gladiator)        Turns: 850, Time: 00:00:56

Health: -1/28      AC:  4    Str: 16    XL:     3   Next: 76%
Magic:  3/3        EV: 12    Int:  9    God:
Gold:   64         SH:  0    Dex: 14    Spells: 2/2 levels left

rFire   . . .      SeeInvis .    a - +0 war axe
rCold   . . .      Faith    .    (no shield)
rNeg    . . .      Spirit   .    b - +0 leather armour
rPois   .          Reflect  .    c - +0 helmet
rElec   .          Harm     .    (no cloak)
rCorr   .          Rampage  .    (no gloves)
Will    .....                    (no boots)
Stlth   +.........               (no amulet)
HPRegen 0.24/turn                (no ring)
MPRegen 0.08/turn                (no ring)

@: no status effects
A: claws 1
a: no special abilities


You were on level 2 of the Dungeon.
You visited 1 branch of the dungeon, and saw 2 of its levels.

You collected 64 gold pieces.

Inventory:

Hand Weapons
 a - a +0 war axe (weapon)
Missiles
 d - 3 throwing nets
 e - a javelin (quivered)
Armour
 b - a +0 leather armour (worn)
 c - a +0 helmet (worn)
Jewellery
 i - a ring of wizardry
Scrolls
 g - a scroll of vulnerability {unknown}
Potions
 f - a potion of resistance {unknown}
 h - 3 potions of curing {unknown}


   Skills:
 + Level 2.6 Fighting
 + Level 3.2 Axes
 - Level 2.0 Throwing
 + Level 1.0 Armour
 + Level 3.1 Dodging


You had 2 spell levels left.
You didn't know any spells.
Your spell library contained the following spells:

 Spells                   Type           Power      Damage    Failure   Level
 Foxfire                  Conj/Fire      0%         2x1d4     45%         1
 Inner Flame              Hex/Fire       0%         N/A       83%         3


Dungeon Overview and Level Annotations

Branches:
Dungeon (2/15)

Altars:

Annotations:
D:2 Robin


Innate Abilities, Weirdness & Mutations

You have sharp fingernails.


Message History

There are monsters nearby!
You barely miss the goblin.
The goblin is severely wounded.
The goblin closely misses you.
There are monsters nearby!
You barely miss the goblin.
The goblin is severely wounded.
You barely miss Robin. You hit the hobgoblin but do no damage.
The hobgoblin hits you. Robin closely misses you.
The goblin closely misses you.
A hobgoblin comes into view.
The hobgoblin hits you. The goblin hits you with a +0 dagger.
Robin roars a battlecry!
The hobgoblin goes into a battle-frenzy!
You are too injured to fight recklessly!
You are too injured to fight recklessly!
Unknown command.
You are too injured to fight recklessly!
Unknown command.
You are too injured to fight recklessly!
Unknown command.
You closely miss the goblin.
The goblin is heavily wounded.
You hit Robin but do no damage. You barely miss the hobgoblin.
You hit the hobgoblin. The hobgoblin barely misses you.
Robin hits you but does no damage. The goblin hits you with a +0 dagger.
You hit Robin.
Robin is moderately wounded.
You slash the hobgoblin!
You kill the hobgoblin!
You hit the goblin.
You kill the goblin!
You closely miss the hobgoblin. Robin hits you with a +0 mace.
The hobgoblin hits you.
* * * LOW HITPOINT WARNING * * *
You barely miss Robin.
Robin is moderately wounded.
You barely miss the hobgoblin. You closely miss the hobgoblin.
Robin closely misses you. The hobgoblin hits you.
You die...

#...### #..... ###
#...# ..# ##..# #.#
....# #g# #.#.# #.#
##..#####.# #.##
#........# #gg#
##.#############@.#
#.## #......)g)#
.## #.#######.# ##
#.# .# # #)# .#
#########.# .#
........#.# .#
######..#.# .#
######..#.#


You could see Robin and 3 hobgoblins.

Vanquished Creatures
  An adder (D:2)
  A worm (D:2)
  A dart slug (D:1)
  A bat (D:1)
  5 endoplasms
  3 giant cockroaches
  5 goblins
  4 hobgoblins
  3 kobolds
  2 quokkas (D:1)
  4 ball pythons (D:1)
  4 frilled lizards (D:1)
  5 rats
39 creatures vanquished.

Notes
Turn   | Place    | Note
-------+----------+-------------------------------------------
     0 | D:1      | BritishOli the Demonspawn Gladiator began the quest for the
                  | Orb.
     0 | D:1      | Reached XP level 1. HP: 16/16 MP: 1/1
    50 | D:1      | Found a faded altar of an unknown god.
    55 | D:1      | Gained mutation: You have sharp fingernails. [demonic
                  | ancestry]
    55 | D:1      | Reached XP level 2. HP: 17/22 MP: 2/2
    89 | D:1      | Got the Teachings on the Arsonist
   168 | D:1      | Reached XP level 3. HP: 23/28 MP: 3/3
   778 | D:2      | Reached skill level 1 in Armour
   840 | D:2      | Noticed Robin
   850 | D:2      | Slain by a hobgoblin

Illustrated notes

Levels and vault maps discovered:
D:1:      erik_arrival_orb_chamber, layout_rooms, ebering_ecumenical_altar_mist,
          serial_rivers, chequers_serial_rivers_small_3,
          chequers_serial_rivers_micro_e, chequers_serial_rivers_micro_d,
          chequers_serial_rivers_room_b, chequers_serial_rivers_small_3
D:2:      layout_loops_ring, uniq_robin, uniq_jessica

Skill      XL: |  1  2  3 |
---------------+----------+-----
Throwing       | 2 |  2.0
Axes           | 3 |  3.2
Dodging        | 3 |  3.1
Armour         | 1 |  1.0
Fighting       | |  2.6

Action                   || total
-------------------------++-------
Melee: War axe           ||    90
Armor: Leather armour    ||    31
Dodge: Dodged            ||    61

Table legend: (Time is in decaauts)
 A = Elapsed time spent in this place.
 B = Non-inter-level travel time spent in this place.
 C = Inter-level travel time spent in this place.
 D = Time resting spent in this place.
 E = Time spent auto-exploring this place.
 F = Levels seen in this place.
 G = Mean time per level.
                   A        B        C        D        E       F      G
               +--------+--------+--------+--------+--------+-----+--------+
         Total |    897 |    881 |     16 |      0 |    669 |   2 |  448.5 |
       Dungeon |    897 |    881 |     16 |      0 |    669 |   2 |  448.5 |
               +--------+--------+--------+--------+--------+-----+--------+

Top non-repeatable levels by time:
     D:1: 657 daAuts
     D:2: 239 daAuts
